 Dungeon Crawl Stone Soup version 0.22.1-1-ga44c0e56f4 (webtiles) character file.

186 Narretz the Cudgeler (level 5, 0/33 HPs)
             Began as a Gargoyle Monk on Oct 29, 2018.
             Slain by an ogre
             ... wielding a +0 giant club
              (21 damage)
             ... on level 3 of the Dungeon.
             The game lasted 00:13:00 (2897 turns).

Narretz the Cudgeler (Gargoyle Monk)                Turns: 2897, Time: 00:13:01

Health: 0/33       AC:  9    Str: 15    XL:     5   Next: 65%
Magic:  5/5        EV: 13    Int: 10    God:
Gold:   151        SH:  0    Dex: 13    Spells: 4/4 levels left

rFire    . . .     SeeInvis .   h - +0 whip
rCold    . . .     Gourm    .   (no shield)
rNeg     + . .     Faith    .   e - +1 leather armour
rPois    ∞         Spirit   .   (no helmet)
rElec    +         Reflect  .   (no cloak)
rCorr    .         Harm     .   (no gloves)
MR       .....                  o - +0 pair of boots
Stlth    +.........             (no amulet)
HPRegen  0.11/turn              m - ring of attention (curse)
MPRegen  0.09/turn              (no ring)

@: no status effects
A: negative energy resistance 1, electricity resistance, unbreathing,
petrification resistance, rot immunity, AC +4
a: no special abilities


You were on level 3 of the Dungeon.
You were hungry.

You visited 1 branch of the dungeon, and saw 4 of its levels.

You collected 151 gold pieces.

Inventory:

Hand Weapons
 a - a +0 mace
 h - a +0 whip (weapon)
 n - a +0 hunting sling
Missiles
 d - 111 stones (quivered)
Armour
 b - a +0 robe
 e - a +1 leather armour (worn)
 g - a +0 ring mail
 o - a +0 pair of boots (worn)
Jewellery
 m - a cursed ring of attention (left hand)
Scrolls
 f - a scroll of amnesia
 p - a scroll of identify
Potions
 i - a potion of invisibility {unknown}
 j - 4 potions of agility
 k - 2 potions of resistance {unknown}
 l - a potion of degeneration {unknown}
Comestibles
 c - a ration


   Skills:
 + Level 4.0 Fighting
 + Level 4.2 Maces & Flails
 + Level 0.6(1.1) Slings
 + Level 1.3(1.4) Throwing
 + Level 1.3 Armour
 + Level 3.0 Dodging
 + Level 2.8 Stealth


You had 4 spell levels left.
You didn't know any spells.
Your spell library was empty.

Dungeon Overview and Level Annotations

Branches:
Dungeon (4/15)
 Temple: D:4-7

Altars:
Cheibriados
Dithmenos
Fedhas
Hepliaklqana
Okawaru
Ru


Innate Abilities, Weirdness & Mutations

You are resistant to torment.
Your stone body is resilient. (AC +4)
You are immune to poison.
You resist negative energy. (rN+)
You are resistant to electric shocks. (rElec)
You can survive without breathing.
You are immune to petrification.
You are immune to rotting.


Message History

You hit the ogre.
The ogre is heavily wounded.
You hit the ogre.
The ogre is heavily wounded.
The ogre barely misses you.
You completely miss the ogre.
The ogre is heavily wounded.
You completely miss the ogre.
The ogre is heavily wounded.
The ogre hits you but does no damage.
You barely miss the ogre.
The ogre is heavily wounded.
The ogre barely misses you.
You closely miss the ogre.
The ogre is heavily wounded.
You hit the ogre but do no damage.
The ogre is heavily wounded.
The ogre hits you with a giant club!!
Ouch! That really hurt!
You die...

#.................##..#.#..##.##.
#..####.###.......##..#.#..##.##.
#.....÷.......................#..
......#.###.......##.......##.#..
......#.# #......................
......#.# #..##...##..........#..
......#.# #..##...##....#####.#..
#.#####.# #.....O.##.............
#.#####.###..##.@................
#.#..............................
#.#.###.###..####.###.#.#.#.#.#.#
#.#...............# #...........#
#.#.###.###.#####.# #............
#.#.# #.# #.# #.# #..##.#..#...
#.#.# #.# #.# ##.###..##.#..#..#
....###.###.# #.............#..#
..........<.# #..###..##.#.....#


You could see an ogre.

Vanquished Creatures
  A scorpion (D:3)
  4 adders
  2 oozes
  3 worms
  2 dart slugs (D:1)
  3 leopard geckos
  5 orcs (D:3)
  9 goblins
  8 hobgoblins
  5 jackals (D:3)
  9 kobolds
  2 quokkas (D:2)
  6 bats
  4 frilled lizards
  12 rats
75 creatures vanquished.

Notes
Turn   | Place    | Note
-------+----------+-------------------------------------------
     0 | D:1      | Narretz the Gargoyle Monk began the quest for the Orb.
     0 | D:1      | Reached XP level 1. HP: 14/14 MP: 1/1
   232 | D:1      | Reached XP level 2. HP: 16/19 MP: 2/2
   496 | D:1      | Reached XP level 3. HP: 19/23 MP: 3/3
  1286 | D:1      | Reached XP level 4. HP: 23/29 MP: 4/4
  1637 | D:2      | Found a faded altar of an unknown god.
  1648 | D:2      | Reached skill level 1 in Armour
  1675 | D:2      | Noticed an ogre
  1854 | D:3      | Found a sacrificial altar of Ru.
  1854 | D:3      | Found a blossoming altar of Fedhas.
  1895 | D:3      | Reached skill level 1 in Throwing
  1895 | D:3      | Reached XP level 5. HP: 11/33 MP: 5/5
  2091 | D:3      | Found a hazy altar of Hepliaklqana.
  2373 | D:3      | Found a snail-covered altar of Cheibriados.
  2375 | D:3      | Found an iron altar of Okawaru.
  2378 | D:3      | Found a shadowy altar of Dithmenos.
  2885 | D:4      | Noticed an ogre
  2885 | D:4      | Noticed a phantom
  2897 | D:3      | Slain by an ogre

Skill      XL: |  1  2  3  4 |
---------------+-------------+-----
Armour         | 1 |  1.3
Fighting       | 4 |  4.0
Maces & Flails | 4 |  4.2
Throwing       | 1 |  1.3
Dodging        | 3 |  3.0
Slings         | |  0.6
Stealth        | |  2.8

Action                   |  1- 3 |  4- 6 || total
-------------------------+-------+-------++-------
Melee: Mace              |    25 |     1 ||    26
       Whip              |   106 |   185 ||   291
 Fire: Hunting sling     |       |    20 ||    20
Throw: Stone             |    41 |    43 ||    84
  Use: Scroll            |       |     3 ||     3
 Stab: Sleeping          |     3 |       ||     3
  Eat: Chunk             |     1 |     5 ||     6
Armor: Robe              |     4 |       ||     4
       Leather armour    |    38 |    66 ||   104
Dodge: Dodged            |    84 |   117 ||   201
